 Dungeon Crawl Stone Soup version 0.31-a0-175-g9f7f995f2b (webtiles) character file.

Game seed: 11471288286711677728

42 qw the Chopper (level 3, -1/23 HPs)
             Began as a Gargoyle Fighter on June 16, 2023.
             Slain by Terence
             ... wielding a +4 falchion
              (4 damage)
             ... on level 2 of the Dungeon.
             The game lasted 00:00:33 (1241 turns).

qw the Chopper (Gargoyle Fighter)                   Turns: 1241, Time: 00:00:33

Health: -1/23      AC: 10    Str: 21    XL:     3   Next: 56%
Magic:  3/3        EV:  9    Int:  8    God:
Gold:   80         SH:  4    Dex:  9    Spells: 2/2 levels left

rFire   . . .        Y - +0 war axe
rCold   . . .        c - +0 buckler
rNeg    + . .        b - +0 scale mail
rPois   inf          (no helmet)
rElec   +            (no cloak)
rCorr   .            (no gloves)
SInv    .            (no boots)
Will    .....        (no amulet) Stlth
                     (no ring)
HPRegen 0.23/turn    (no ring)
MPRegen 0.08/turn

%: no passive effects
@: no status effects
A: sickness immunity, AC +3, negative energy resistance 1, electricity
resistance, torment resistance 1, petrification resistance
a: no special abilities


You were on level 2 of the Dungeon.
You visited 1 branch of the dungeon, and saw 2 of its levels.

You collected 80 gold pieces.


Innate Abilities, Weirdness & Mutations

You are immune to sickness and miasma.
Your stone body is resilient. (AC +3)
You are immune to poison.
You resist negative energy. (rN+)
You are resistant to electric shocks. (rElec)
You are resistant to unholy torment.
You are immune to petrification.


   Skills:
 - Level 3.2 Fighting
 + Level 3.5 Axes
 - Level 3.2 Armour
 - Level 3.2 Shields


You had 2 spell levels left.
You didn't know any spells.
Your spell library was empty.

Inventory:

Hand Weapons
 k - a +0 mace
 Y - a +0 war axe (weapon)
Armour
 b - a +0 scale mail (worn)
 c - a +0 buckler (worn)
Potions
 d - 2 potions of might
 g - a potion of brilliance {unknown}
 h - a potion of enlightenment {unknown}

Dungeon Overview and Level Annotations

Branches:
Dungeon (2/15)

Altars:

Annotations:
D:2 Terence


Message History

Enter note:
Enter note: Terence the Incautious comes into view.
He is wielding a +4 falchion.
Terence shouts!
Enter note:
Enter note: A kobold comes into view. It is wielding a +0 dagger.
1234 ||| Stepping ~*~*~tactically~*~*~ (stealth).
Terence looks scornfully at you. Terence hits you but does no damage.
Enter note:
Enter note: The kobold shouts!
You hit Terence but do no damage. Terence closely misses you.
You hit Terence.
Terence is lightly wounded.
Terence hits you but does no damage.
A frilled lizard comes into view.
A dart slug comes into view.
Terence closely misses you.
The frilled lizard moves out of view.
You barely miss Terence.
Terence is lightly wounded.
Terence hits you with a +4 falchion!
You slash Terence!
Terence is severely wounded.
Terence hits you with a +4 falchion.
You barely miss Terence.
Terence is severely wounded.
You barely miss the kobold. Terence hits you but does no damage.
The kobold hits you but does no damage. x2
You block Terence's attack.
You hit Terence but do no damage.
Terence is heavily wounded.
You hit the kobold but do no damage. You block the kobold's attack.
Terence hits you with a +4 falchion!
You slash Terence!
Terence is almost dead.
You hit the kobold. Terence hits you with a +4 falchion.
You die...

..## .... #..# #..
###w###### . .l...
..# #. #K@# #.#
##..##@.## #.#
..........# #.#
###..##...# #.#
.... ##...###.# ###
#........####
##....<.....#######
##..######.#......
#.## #.#.##### #.#
#.#.#####


You could see Terence, a dart slug, a kobold and a frilled lizard.

Vanquished Creatures
  An adder (D:2)
  A dart slug (D:1)
  3 bats
  2 endoplasms (D:1)
  A giant cockroach (D:2)
  3 goblins (D:1)
  3 hobgoblins
  2 jackals (D:2)
  4 kobolds
  2 quokkas (D:1)
  2 ball pythons (D:1)
  A frilled lizard (D:1)
  2 rats (D:1)
27 creatures vanquished.

Notes
Turn   | Place    | Note
-------+----------+-------------------------------------------
     0 | D:1      | qw the Gargoyle Fighter began the quest for the Orb.
     0 | D:1      | Reached XP level 1. HP: 14/14 MP: 1/1
     0 | D:1      | 0 ||| qw: Version: 0.2-a-29-g511e9b1
     0 | D:1      | 0 ||| qw: Game counter: 5908
     0 | D:1      | 0 ||| qw: Always use a shield: true
     0 | D:1      | 0 ||| qw: God list: Okawaru
     0 | D:1      | 0 ||| qw: Allow faded altars: false
     0 | D:1      | 0 ||| qw: Do Orc after D:15 true
     0 | D:1      | 0 ||| qw: Do second Lair branch before Depths: true
     0 | D:1      | 0 ||| qw: Lair rune preference: random
     0 | D:1      | 0 ||| qw: Plans: Normal, Zot:1-4, Slime:5, God:TSO, Crypt,
                  | Tomb, Abyss, Pan, Hells, Win
     0 | D:1      | 0 ||| PLANNING D:1-11
    15 | D:1      | 15 ||| Stepping ~*~*~tactically~*~*~ (hiding).
    16 | D:1      | 16 ||| Stepping ~*~*~tactically~*~*~ (hiding).
    17 | D:1      | 17 ||| Stepping ~*~*~tactically~*~*~ (hiding).
   334 | D:1      | 334 ||| Stepping ~*~*~tactically~*~*~ (stealth).
   341 | D:1      | Reached XP level 2. HP: 16/19 MP: 2/2
   729 | D:1      | 729 ||| DROPPING +0 club.
   744 | D:1      | Reached skill level 3 in Axes
   749 | D:1      | 749 ||| FLEEEEING.
   752 | D:1      | 752 ||| FLEEEEING.
   753 | D:1      | 753 ||| FLEEEEING.
   754 | D:1      | 754 ||| FLEEEEING.
   761 | D:1      | 761 ||| FLEEEEING.
   762 | D:1      | 762 ||| FLEEEEING.
   763 | D:1      | 763 ||| FLEEEEING.
   764 | D:1      | 764 ||| FLEEEEING.
   765 | D:1      | 765 ||| FLEEEEING.
   766 | D:1      | 766 ||| FLEEEEING.
   767 | D:1      | 767 ||| FLEEEEING.
   769 | D:1      | 769 ||| FLEEEEING.
   770 | D:1      | 770 ||| FLEEEEING.
   771 | D:1      | 771 ||| FLEEEEING.
   772 | D:1      | 772 ||| FLEEEEING.
   779 | D:1      | Reached XP level 3. HP: 23/23 MP: 3/3
  1000 | D:1      | 1000 ||| READING scroll labelled FAWA TONUCSIS.
  1001 | D:1      | 1001 ||| READING scroll labelled KIHACL UZEMOMA.
  1002 | D:1      | 1002 ||| READING scroll labelled YTAYWA HIRGH.
  1079 | D:2      | 1079 ||| Stepping ~*~*~tactically~*~*~ (stealth).
  1229 | D:2      | Noticed Terence
  1234 | D:2      | 1234 ||| Stepping ~*~*~tactically~*~*~ (stealth).
  1240 | D:2      | HP: 3/23 [Terence/+4 falchion (9)]
  1241 | D:2      | Slain by Terence

Levels and vault maps discovered:
D:1:      wander_arrival_peaceful_grave, layout_loops_corners,
          minmay_pentomino_r2
D:2:      layout_loops_corners, serial_shops, nicolae_shop_behind_doors,
          uniq_terence, uniq_natasha

Skill      XL: |  1  2 |
---------------+-------+-----
Axes           | 2 3 |  3.5
Fighting       | |  3.2
Armour         | |  3.2
Shields        | |  3.2

Action                     || total
---------------------------++-------
  Melee: War axe           ||    76
    Use: Scroll            ||     3
 Armour: Scale mail        ||    35
  Dodge: Dodged            ||    34
  Block: Buckler           ||    16

Table legend:
 A = Non-vault XP
 B = Vault XP
 C = Vault XP percentage of total XP
 D = Non-vault monster count
 E = Vault monster count
 F = Vault count percentage of total count
                 A         B        C        D         E       F
            +---------+---------+-------+---------+---------+-------
      Total |      60 |       1 |   1.6 |      26 |       1 |   3.7
            +---------+---------+-------+---------+---------+-------
        D:1 |      36 |       1 |   2.7 |      19 |       1 |   5.0
        D:2 |      24 |       0 |   0.0 |       7 |       0 |   0.0
            +---------+---------+-------+---------+---------+-------
